 Dungeon Crawl Stone Soup version 0.30-a0-737-gf23d94013f (webtiles) character file.

Game seed: 4217065195500907916

0 harshtitan453 the Grave Robber (level 1, 0/13 HPs)
             Began as a Demonspawn Necromancer on Feb 1, 2023.
             Slain by a jackal (2 damage)
             ... on level 1 of the Dungeon.
             The game lasted 00:02:24 (141 turns).

harshtitan453 the Grave Robber (DsNe)                Turns: 141, Time: 00:02:25

Health: 0/13       AC:  2    Str:  8    XL:     1   Next: 8%
Magic:  1/3        EV: 12    Int: 16    God:
Gold:   19         SH:  0    Dex: 13    Spells: 3/4 levels left

rFire   . . .      SeeInvis .    (no weapon)
rCold   . . .      Faith    .    (no shield)
rNeg    . . .      Spirit   .    a - +0 robe
rPois   .          Reflect  .    (no helmet)
rElec   .          Harm     .    (no cloak)
rCorr   .          Rampage  .    (no gloves)
Will    .....                    (no boots)
Stlth   ++                       (no amulet)
HPRegen 0.22/turn                (no ring)
MPRegen 0.08/turn                (no ring)

@: no status effects
A: no striking features
a: no special abilities


You were on level 1 of the Dungeon.
You visited 1 branch of the dungeon, and saw 1 of its levels.

You collected 19 gold pieces.

Inventory:

Armour
 a - a +0 robe (worn)
Potions
 b - a potion of magic
 c - a potion of berserk rage {unknown}


   Skills:
 + Level 1.7 Dodging
 + Level 1.7 Stealth
 + Level 2.0 Spellcasting
 + Level 4.3 Necromancy


You had 3 spell levels left.
You knew the following spells:

 Your Spells              Type           Power      Damage    Failure   Level
a - Necrotise             Necr           60%        1d7       3%          1

Your spell library contained the following spells:

 Spells                   Type           Power      Damage    Failure   Level
 Vampiric Draining        Necr           15%        2d7       11%         3
 Animate Dead             Necr           15%        N/A       34%         4
 Agony                    Necr           15%        N/A       67%         5


Dungeon Overview and Level Annotations

Branches:
Dungeon (1/15)

Altars:


Message History

Casting: Necrotise (safe; 3% risk of failure)
Confirm with . or Enter, or press ? or * to list all spells.
You don't have enough magic to cast this spell.
The jackal closely misses you. The endoplasm misses you.
Your rat skeleton bites the jackal.
The jackal attacks as you move away! The jackal bites you.
Your rat skeleton barely misses the jackal.
The jackal closely misses you.
You hit the jackal but do no damage.
The jackal is lightly wounded.
The jackal bites you. The endoplasm freezes you.
You are frozen.
Your rat skeleton misses the jackal.
Casting: Necrotise (safe; 3% risk of failure)
Confirm with . or Enter, or press ? or * to list all spells.
You don't have enough magic to cast this spell.
You hit the jackal.
The jackal is moderately wounded.
The jackal completely misses you. The endoplasm freezes you.
You are frozen.
The jackal misses you.
Your rat skeleton bites the jackal but does no damage.
You hit the jackal. Your punch misses the jackal.
The jackal is heavily wounded.
The endoplasm hits you.
* * * LOW HITPOINT WARNING * * *
The jackal closely misses you.
The dart slug bites you but does no damage.
Your rat skeleton bites the endoplasm but does no damage.
Your rat skeleton bites the dart slug but does no damage.
The jackal bites you but does no damage.
The jackal attacks as you move away! The jackal closely misses you.
The endoplasm jiggles.
The jackal bites you.
* * * LOW HITPOINT WARNING * * *
Your rat skeleton bites the dart slug but does no damage.
The jackal attacks as you move away! The jackal barely misses you.
The endoplasm jiggles.
The jackal bites you.
You die...

### #.# #. #.# . ## #.#
##. .## #.# ##..# ..#
#.# .#).)?##.# #.#
...!(..#.# #.#
#..[?(...############.#
#...Zw.J.h@.....# .#
#..############## .(
#...# .# ......#
.######### .# .# .#
.#######


You could see a dart slug, an endoplasm, a jackal (ally target) and a friendly
rat skeleton.

Vanquished Creatures
  A rat (D:1)
1 creature vanquished.

Notes
Turn   | Place    | Note
-------+----------+-------------------------------------------
     0 | D:1      | harshtitan453 the Demonspawn Necromancer began the quest
                  | for the Orb.
     0 | D:1      | Reached XP level 1. HP: 13/13 MP: 3/3
   141 | D:1      | Slain by a jackal

Illustrated notes

Levels and vault maps discovered:
D:1:      ldierk_walled_garden, layout_basic, minmay_pentomino_w4

Action                     || total
---------------------------++-------
  Melee: Unarmed           ||     3
   Cast: Necrotise         ||     3
 Armour: Robe              ||     3
  Dodge: Dodged            ||    11

Table legend: (Time is in decaauts)
 A = Elapsed time spent in this place.
 B = Non-inter-level travel time spent in this place.
 C = Inter-level travel time spent in this place.
 D = Time resting spent in this place.
 E = Time spent auto-exploring this place.
 F = Levels seen in this place.
 G = Mean time per level.
                   A        B        C        D        E       F      G
               +--------+--------+--------+--------+--------+-----+--------+
         Total |    141 |    116 |     25 |      0 |     20 |   1 |  141.0 |
       Dungeon |    141 |    116 |     25 |      0 |     20 |   1 |  141.0 |
               +--------+--------+--------+--------+--------+-----+--------+

Top non-repeatable levels by time:
     D:1: 141 daAuts
